 Dungeon Crawl Stone Soup version 0.23.2-40-g277498a001 (webtiles) character file.

Game seed: 11985979169386192127

763 FishyPogo the Grave Robber (level 7, -3/36 HPs)
             Began as a Deep Elf Necromancer on Sept 13, 2019.
             Was an Initiate of Ashenzari.
             Slain by an ogre
             ... wielding a +0 giant club
              (17 damage)
             ... on level 5 of the Dungeon.
             The game lasted 00:42:22 (4524 turns).

FishyPogo the Grave Robber (Deep Elf Necromancer)   Turns: 4524, Time: 00:42:22

Health: -3/36      AC:  5    Str:  5    XL:     7   Next: 51%
Magic:  10/25      EV: 14    Int: 22    God:    Ashenzari [......]
Gold:   51         SH:  0    Dex: 15    Spells: 0/16 levels left

rFire    + + .     SeeInvis .   a - +2 hand axe (elec)
rCold    . . .     Gourm    .   (no shield)
rNeg     . . .     Faith    .   w - +2 robe "Onott" {rF+}
rPois    .         Spirit   .   p - +1 hat
rElec    .         Reflect  .   (no cloak)
rCorr    .         Harm     .   (no gloves)
MR       .....                  (no boots)
Stlth    ++........             (no amulet)
HPRegen  0.12/turn              l - ring of protection from fire
MPRegen  0.19/turn              t - ring of magical power

@: no status effects
A: no striking features
a: Curse Item, Renounce Religion


You were on level 5 of the Dungeon.
You worshipped Ashenzari.
Ashenzari was noncommittal.
You were not hungry.

You visited 1 branch of the dungeon, and saw 5 of its levels.

You collected 243 gold pieces.
You spent 192 gold pieces at shops.

Inventory:

Hand Weapons
 a - a +2 hand axe of electrocution (weapon)
Missiles
 d - 197 stones (quivered)
 f - 4 tomahawks
Armour
 e - a +0 robe
 h - a +0 helmet
 o - a cursed +0 robe
 p - a +1 hat (worn)
 r - a +0 buckler
 w - the +2 robe "Onott" (worn) {rF+}
   (You found it on level 5 of the Dungeon)

   It protects you from fire.
Jewellery
 l - a ring of protection from fire (left hand)
 t - a ring of magical power (right hand)
Wands
 n - a wand of scattershot (8)
Scrolls
 b - a scroll of random uselessness
 j - 3 scrolls of identify
 k - 5 scrolls of teleportation {unknown}
 u - a scroll of blinking
 v - a scroll of fog {unknown}
Potions
 g - 3 potions of haste {unknown}
 i - a potion of berserk rage {unknown}
 m - 2 potions of brilliance {unknown}
 q - a potion of magic {unknown}
 s - a potion of heal wounds
Comestibles
 c - 14 rations


   Skills:
   Level 1.0 Short Blades
 - Level 4.4 Dodging
 - Level 3.0 Stealth
 * Level 0.7 Shields
 - Level 5.0 Spellcasting
 * Level 3.1 Conjurations
 * Level 4.3 Hexes
 + Level 4.5 Charms
 - Level 5.4 Necromancy
 - Level 2.6 Evocations


You couldn't memorise any spells.
You knew the following spells:

 Your Spells              Type           Power        Failure   Level  Hunger
a - Pain                  Necr           ####         1%          1    None
b - Dazzling Spray        Conj/Hex       ###...       6%          3    ##.....
d - Animate Skeleton      Necr           N/A          1%          1    None
e - Regeneration          Chrm/Necr      ####......   4%          3    ##.....
f - Fulminant Prism       Conj/Hex       ###.......   22%         4    ####...
g - Animate Dead          Necr           N/A          11%         4    ####...

Your spell library contained the following spells:

 Spells                   Type           Power        Failure   Level  Hunger
 Magic Dart               Conj           ###.         2%          1    None
 Vampiric Draining        Necr           ####......   3%          3    ##.....
 Searing Ray              Conj           ###...       4%          2    None
 Iskenderun's Mystic Bla  Conj           ###.....     28%         4    ####...
 Force Lance              Conj/Tloc      ##......     47%         4    ####...


Dungeon Overview and Level Annotations

Branches:
Dungeon (5/15)
 Temple: D:4-7

Altars:
Ashenzari
Cheibriados
Xom

Shops:
D:5 *


Message History

The ogre writhes in agony.
The ogre misses you.
Casting: Pain (safe; 1% risk of failure)
Confirm with . or Enter, or press ? or * to list all spells.
Aiming: Pain (safe; 1% risk of failure)
Press: ? - help, Shift-Dir - straight line, f/p - ogre
Aim: an ogre, wielding a +0 giant club (heavily wounded, chance to defeat MR: 84%)
The ogre writhes in agony.
Casting: Pain (safe; 1% risk of failure)
Confirm with . or Enter, or press ? or * to list all spells.
Aiming: Pain (safe; 1% risk of failure)
Press: ? - help, Shift-Dir - straight line, f/p - ogre
Aim: an ogre, wielding a +0 giant club (severely wounded, chance to defeat MR: 84%)
The ogre barely resists.
The ogre hits you with a +0 giant club!
Casting: Pain (safe; 1% risk of failure)
Confirm with . or Enter, or press ? or * to list all spells.
Aiming: Pain (safe; 1% risk of failure)
Press: ? - help, Shift-Dir - straight line, f/p - ogre
Aim: an ogre, wielding a +0 giant club (severely wounded, chance to defeat MR: 84%)
The ogre writhes in agony.
The ogre hits you with a +0 giant club!
You die...

#.# #.# #.# #.#
#........ #.# #.#
#.# #.# #########
#.# ##.#####.####.#
## ##.#
#.............# #.
...###.###.#########
#[ .#.....# #.#
##### #.
.......###.####...#
#.
...∩..............#
#§
#.....#O#######.@.#
#. ##...##.# ##O##
#.
######.########.###
#. ###
#............### #.
..# #.##...........#
#W #.#
#.##.#####.#.#.# #.
#.# #.##.# #(#.#.#
####. #.#####.##.#
#.#.#.# #....
#.##....##.#
#.#>#.########W###


You could see an ogre.

Vanquished Creatures
  A phantom (D:5)
  2 ogres
  A scorpion (D:4)
  4 crimson imps (D:4)
  A bullfrog zombie (D:5)
  A hound (D:4)
  An orc wizard (D:3)
  A worker ant (D:4)
  Robin (D:2)
  8 adders
  An adder skeleton (D:5)
  2 worms
  2 dart slugs
  2 leopard geckos
  9 orcs
  3 giant cockroaches (D:4)
  12 goblins
  11 hobgoblins
  A jackal (D:4)
  4 quokkas
  A ball python (D:2)
  10 bats
  4 frilled lizards
  9 kobolds
  4 rats
96 creatures vanquished.

Vanquished Creatures (collateral kills)
  An orc priest (D:5)
  An adder (D:4)
  A dart slug (D:3)
  An orc (D:5)
  A goblin (D:1)
  2 jackals (D:4)
  A frilled lizard (D:2)
8 creatures vanquished.

Vanquished Creatures (others)
  11 fulminant prisms
11 creatures vanquished.

Grand Total: 115 creatures vanquished

Notes
Turn   | Place    | Note
-------+----------+-------------------------------------------
     0 | D:1      | FishyPogo the Deep Elf Necromancer began the quest for the
                  | Orb.
     0 | D:1      | Reached XP level 1. HP: 10/10 MP: 6/6
    31 | D:1      | Learned a level 1 spell: Animate Skeleton
   117 | D:1      | Reached skill level 5 in Necromancy
   444 | D:1      | Reached XP level 2. HP: 15/15 MP: 8/8
  1036 | D:2      | Reached XP level 3. HP: 3/19 MP: 5/10
  1043 | D:2      | Learned a level 3 spell: Regeneration
  1377 | D:2      | You fall through a shaft!
  1378 | D:3      | Noticed a phantom
  1442 | D:4      | Found Couheg's General Store.
  1456 | D:4      | Found a snail-covered altar of Cheibriados.
  1686 | D:3      | Reached skill level 1 in Short Blades
  1760 | D:3      | Reached XP level 4. HP: 12/24 MP: 6/12
  1771 | D:3      | Learned a level 4 spell: Fulminant Prism
  1792 | D:3      | Found a shattered altar of Ashenzari.
  1796 | D:3      | Became a worshipper of Ashenzari the Shackled
  1826 | D:3      | Reached skill level 1 in Charms
  2205 | D:2      | Noticed Robin
  2341 | D:2      | Killed Robin
  2341 | D:2      | Reached XP level 5. HP: 17/28 MP: 5/14
  2477 | D:2      | Reached skill level 1 in Evocations
  3023 | D:3      | Reached skill level 1 in Hexes
  3125 | D:4      | Reached skill level 5 in Spellcasting
  3133 | D:4      | Noticed an ogre
  3160 | D:4      | Killed an ogre
  3160 | D:4      | Reached skill level 1 in Conjurations
  3160 | D:4      | Reached XP level 6. HP: 14/32 MP: 1/15
  3533 | D:4      | Found a shimmering altar of Xom.
  3665 | D:5      | Entered Level 5 of the Dungeon
  3715 | D:4      | Reached XP level 7. HP: 30/36 MP: 2/16
  3720 | D:4      | Learned a level 3 spell: Dazzling Spray
  3817 | D:5      | Learned a level 4 spell: Animate Dead
  4175 | D:5      | Found Hzetz's Humungous Hoard.
  4202 | D:5      | Bought a +1 hat for 132 gold pieces
  4202 | D:5      | Bought a potion of heal wounds for 60 gold pieces
  4397 | D:5      | Got the uncursed robe "Onott" {rF+}
  4408 | D:5      | Identified the +2 robe "Onott" {rF+} (You found it on level
                  | 5 of the Dungeon)
  4524 | D:5      | Slain by an ogre

Skill      XL: |  1  2  3  4  5  6  7 |
---------------+----------------------+-----
Necromancy     | 5 |  5.4
Spellcasting   | 4 5 |  5.0
Stealth        | 3 |  3.0
Short Blades   | 1 |  1.0
Dodging        | 3 4 |  4.4
Charms         | 1 3 4 |  4.5
Evocations     | 1 2 |  2.6
Hexes          | 2 3 4 |  4.3
Conjurations   | 1 2 3 |  3.1
Shields        | |  0.7

Action                   |  1- 3 |  4- 6 |  7- 9 || total
-------------------------+-------+-------+-------++-------
Melee: Dagger            |    32 |       |       ||    32
       Hand axe          |       |    38 |    21 ||    59
Throw: Stone             |       |     2 |     1 ||     3
 Cast: Pain              |    73 |    93 |    23 ||   189
       Animate Skeleton  |    13 |     9 |     1 ||    23
       Regeneration      |     2 |     8 |     1 ||    11
       Fulminant Prism   |       |     4 |     7 ||    11
       Animate Dead      |       |       |     1 ||     1
  Use: Scroll            |       |     4 |       ||     4
 Stab: Sleeping          |     1 |       |       ||     1
  Eat: Chunk             |     3 |     7 |     2 ||    12
       Ration            |       |       |     1 ||     1
Armor: Robe              |    10 |    13 |     2 ||    25
Dodge: Dodged            |    27 |    40 |    20 ||    87
